[Event "Titled Tuesday Blitz May 4 2021"]
[White "Bendayan Claros, Aaron"]
[Black "Noboa Silva, Kevin"]
[WhiteFideId "3803392"]
[BlackFideId "3618471"]
[WhiteElo "2166"]
[BlackElo "2161"]
[Result "1-0"]
[Round "04"]
[TimeControl "180+1"]
[Date "2021.05.04"]
[WhiteClock "0:00:17"]
[BlackClock "0:01:16"]

1. d4 Nf6 2. Bg5 e6 3. e4 h6 4. Bxf6 Qxf6 5. c3 d6 6. Bd3 e5 7. Ne2 g5 8. O-O Nc6 9. d5 Ne7 10. Ng3 Ng6 11. Be2 Nf4 12. Bg4 Bxg4 13. Qxg4 h5 14. Qd1 h4 15. Nf5 Be7 16. Qg4 Qg6 17. c4 Nh5 18. Nc3 Nf6 19. Qe2 g4 20. Nb5 O-O-O 21. Nxe7+ Kb8 22. Nxg6 fxg6 23. Qe3 b6 24. Qa3 a5 25. b4 Kb7 26. bxa5 Ra8 27. Nxd6+ cxd6 28. Qxd6 Nxe4 29. Qxb6+ Kc8 30. Qc6+ Kd8 31. Qxa8+ Ke7 32. Qxh8 Kd6 33. a6 g3 34. hxg3 hxg3 35. a7 gxf2+ 36. Rxf2 Kc5 37. a8=Q Kd4 38. d6 Ke3 39. Re1+ Kd3 40. Rxe4 Kc3 41. Rf3+ Kd2 42. Re2+ Kxe2 43. Re3+ Kxe3 44. Qxe5+ Kd3 45. Qd4+ Kxd4 46. d7 g5 47. d8=Q+ Kc3 48. Qxg5 Kd3 49. Qd2+ Kxd2 50. c5 Kd3 51. c6 Kc2 52. c7 Kb2 53. Qb7+ Ka1 54. a4 Ka2 55. a5 Ka3 56. a6 Ka2 57. a7 Ka1 58. c8=Q Ka2 59. g4 Ka1 60. g5 Ka2 61. g6 Ka1 62. g7 Ka2 63. g8=Q+ Ka1 64. a8=Q# 1-0


[Site "https://www.chess.com"]

[Event "Titled Tuesday Blitz May 4 2021"]
[White "Bernadskiy, Vitaliy"]
[Black "Mamedyarov, Shakhriyar"]
[WhiteFideId "14100371"]
[BlackFideId "13401319"]
[WhiteElo "2534"]
[BlackElo "2716"]
[Result "1-0"]
[Round "04"]
[TimeControl "180+1"]
[Date "2021.05.04"]
[WhiteClock "0:01:07"]
[BlackClock "0:00:58"]

1. e4 c5 2. Nf3 e6 3. c3 Nf6 4. e5 Nd5 5. g3 g5 6. Bg2 g4 7. Nh4 h5 8. h3 Nc6 9. hxg4 Nxe5 10. Qe2 Qf6 11. Bxd5 exd5 12. d4 d6 13. dxe5 dxe5 14. gxh5 Bd6 15. c4 Be6 16. Nc3 d4 17. Ne4 Qd8 18. Bg5 Be7 19. Bxe7 Qxe7 20. O-O-O O-O-O 21. Kb1 Kb8 22. g4 f6 23. Ng6 Qf7 24. Nxh8 Rxh8 25. b3 b6 26. Kb2 Bd7 27. Qf3 Bc6 28. Qxf6 Qxf6 29. Nxf6 1-0


[Site "https://www.chess.com"]

[Event "Titled Tuesday Blitz May 4 2021"]
[White "Bologan, Victor"]
[Black "Delgadillo, Adonay"]
[WhiteFideId "13900048"]
[BlackFideId "3301915"]
[WhiteElo "2511"]
[BlackElo "2103"]
[Result "1-0"]
[Round "04"]
[TimeControl "180+1"]
[Date "2021.05.04"]
[WhiteClock "0:02:31"]
[BlackClock "0:01:09"]

1. e4 c5 2. Nf3 d6 3. d4 cxd4 4. Nxd4 Nf6 5. Nc3 a6 6. Be3 e5 7. Nb3 Be7 8. Be2 Be6 9. O-O Nbd7 10. a4 Rc8 11. Qd2 O-O 12. a5 Bc4 13. Rfd1 Bxe2 14. Qxe2 Qc7 15. Nd2 Nc5 16. Bxc5 Qxc5 17. Nf1 Rfd8 18. Ne3 Qb4 19. Ned5 1-0


[Site "https://www.chess.com"]

[Event "Titled Tuesday Blitz May 4 2021"]
[White "Bongo Akanga Ndjila, Barthelemy"]
[Black "Baker, Chris W"]
[WhiteFideId "10609431"]
[BlackFideId "401676"]
[WhiteElo "1803"]
[BlackElo "2225"]
[Result "0-1"]
[Round "04"]
[TimeControl "180+1"]
[Date "2021.05.04"]
[WhiteClock "0:00:37"]
[BlackClock "0:01:14"]

1. d4 Nf6 2. Nf3 e6 3. Bg5 c5 4. e3 Qb6 5. Qc1 cxd4 6. Nxd4 Be7 7. Bd3 d5 8. O-O O-O 9. Nc3 Nc6 10. Nxc6 bxc6 11. a4 a5 12. Ne2 e5 13. c4 h6 14. Bh4 Ba6 15. Rd1 e4 16. Bb1 Bxc4 17. Nc3 Rab8 18. Rd2 Rfe8 19. Bxf6 Bxf6 20. Ba2 Bxa2 21. Rxa2 Qb3 22. Ra3 Qb4 23. Na2 Bxb2 24. Nxb4 Bxc1 25. Nxc6 Bxd2 26. Nxb8 Rxb8 0-1


[Site "https://www.chess.com"]

[Event "Titled Tuesday Blitz May 4 2021"]
[White "Bonte, Andrei-Mihai"]
[Black "Alvarez Fernandez, Enrique"]
[WhiteFideId "1210297"]
[BlackFideId "2227398"]
[WhiteElo "2200"]
[BlackElo "2316"]
[Result "1/2-1/2"]
[Round "04"]
[TimeControl "180+1"]
[Date "2021.05.04"]
[WhiteClock "0:00:24"]
[BlackClock "0:01:15"]

1. d4 d5 2. Nf3 c5 3. dxc5 e6 4. e3 Bxc5 5. c4 Nf6 6. a3 a5 7. Nc3 Nc6 8. cxd5 exd5 9. Bb5 O-O 10. O-O Bg4 11. h3 Bh5 12. Be2 Re8 13. Nb5 Ne4 14. Bd2 h6 15. Bc3 Nxc3 16. bxc3 Qd7 17. a4 Rad8 18. Rb1 Bg6 19. Rb2 Qe6 20. Nbd4 Nxd4 21. cxd4 Bb4 22. Ne5 Bh7 23. Bb5 Rf8 24. Nd3 Bxd3 25. Qxd3 Rc8 26. Rc2 g6 27. Rfc1 Kg7 28. g4 Bd6 29. Kg2 h5 30. Rxc8 Rxc8 31. Rxc8 Qxc8 32. gxh5 gxh5 33. Qe2 Qf5 34. Qf3 Kg6 35. Qxf5+ Kxf5 36. Kf3 1/2-1/2


[Site "https://www.chess.com"]

[Event "Titled Tuesday Blitz May 4 2021"]
[White "Bortnyk, Olexandr"]
[Black "Garakov, Mikhael"]
[WhiteFideId "14120828"]
[BlackFideId "4169034"]
[WhiteElo "2983"]
[BlackElo "2569"]
[Result "1-0"]
[Round "04"]
[TimeControl "180+1"]
[Date "2021.05.04"]
[WhiteClock "0:00:35"]
[BlackClock "0:00:01"]

1. e4 c5 2. c3 Nf6 3. e5 Nd5 4. d4 cxd4 5. Nf3 e6 6. cxd4 b6 7. Bc4 Bb7 8. Bxd5 Bxd5 9. Nc3 Bb4 10. O-O Bxc3 11. bxc3 Qc7 12. Ba3 Qb7 13. Nd2 h5 14. f3 Qa6 15. Bd6 Nc6 16. Qc2 Na5 17. Ne4 Rc8 18. Bb4 Nc4 19. Qf2 h4 20. a4 Qb7 21. a5 bxa5 22. Bc5 Qc6 23. Qe2 a4 24. Rfb1 a3 25. Rb4 Bxe4 26. fxe4 d5 27. exd6 Nxd6 28. Rxa3 Nxe4 29. Ra6 Qd5 30. Qb5+ Qd7 31. Qxd7+ Kxd7 32. Rb7+ Rc7 33. Rxc7+ Kxc7 34. Rxa7+ Kc6 35. Bb4 Kd5 36. Rxf7 g6 37. Kf1 g5 38. Ke2 Rc8 39. Kd3 Nd6 40. Rd7 1-0


[Site "https://www.chess.com"]

[Event "Titled Tuesday Blitz May 4 2021"]
[White "Brahami, Lamine"]
[Black "Rostovtsev, Dmitry"]
[WhiteFideId "7905637"]
[BlackFideId "34278320"]
[WhiteElo "1909"]
[BlackElo "2197"]
[Result "1/2-1/2"]
[Round "04"]
[TimeControl "180+1"]
[Date "2021.05.04"]
[WhiteClock "0:00:32"]
[BlackClock "0:02:50"]

1. d4 Nf6 2. c4 g6 3. Nc3 Bg7 4. Nf3 O-O 5. g3 d6 6. Bg2 Nc6 7. O-O e5 8. dxe5 dxe5 9. Qxd8 Rxd8 10. Bg5 h6 11. Bxf6 Bxf6 12. Nd5 Kg7 13. Nxc7 Rb8 14. e4 Be7 15. Nd5 Bc5 16. h3 a5 17. a3 a4 18. Rfd1 Be6 19. Ne1 Bd4 20. Rab1 Na5 21. Bf1 Nb3 22. Kg2 Bc5 23. Nd3 Bd4 24. f4 f6 25. Be2 Rbc8 26. N3b4 Nc5 27. Bf3 Nb3 28. Be2 Nc5 29. Nc2 Nb3 30. Ncb4 1/2-1/2


[Site "https://www.chess.com"]

[Event "Titled Tuesday Blitz May 4 2021"]
[White "Buksa, Nataliya"]
[Black "Josse, Mark"]
[WhiteFideId "14123622"]
[BlackFideId "414476"]
[WhiteElo "2214"]
[BlackElo "2263"]
[Result "1-0"]
[Round "04"]
[TimeControl "180+1"]
[Date "2021.05.04"]
[WhiteClock "0:01:29"]
[BlackClock "0:00:40"]

1. d4 d5 2. Nc3 e6 3. Bf4 Bb4 4. Qd3 Nf6 5. a3 Ba5 6. b4 Bb6 7. e3 O-O 8. Nf3 a5 9. b5 c5 10. bxc6 Nxc6 11. Be2 a4 12. O-O Bd7 13. Rab1 Na5 14. Qd2 Rc8 15. Ne5 Bc7 16. Bg5 Be8 17. Ng4 Bd6 18. Nxf6+ gxf6 19. Bh6 Bxa3 20. e4 Qc7 21. Nb5 Qxc2 22. Qxc2 Rxc2 23. Bd3 Rb2 24. Nxa3 1-0


[Site "https://www.chess.com"]

[Event "Titled Tuesday Blitz May 4 2021"]
[White "Bures, Vit"]
[Black "The_filthy"]
[WhiteFideId "309052"]
[WhiteElo "2131"]
[BlackElo "2396"]
[Result "0-1"]
[Round "04"]
[TimeControl "180+1"]
[Date "2021.05.04"]
[WhiteClock "0:00:03"]
[BlackClock "0:01:20"]

1. d4 d5 2. c4 c6 3. Nc3 Nf6 4. e3 g6 5. Nf3 Bg7 6. Be2 dxc4 7. Bxc4 O-O 8. O-O Bg4 9. h3 Bxf3 10. Qxf3 Nbd7 11. Bb3 e5 12. dxe5 Nxe5 13. Qe2 Qd3 14. Rd1 Qxe2 15. Nxe2 Rfd8 16. Nd4 c5 17. Nf3 Nxf3+ 18. gxf3 Rxd1+ 19. Bxd1 Rd8 20. Be2 Nd5 21. Kf1 Nb4 22. a3 Nd3 23. Bxd3 Rxd3 24. Ke2 c4 25. Rb1 b5 26. f4 f5 27. Bd2 Rb3 0-1


[Site "https://www.chess.com"]

[Event "Titled Tuesday Blitz May 4 2021"]
[White "Camlar, Arda"]
[Black "Velickovic, Zoran"]
[WhiteFideId "44576692"]
[BlackFideId "14601184"]
[WhiteElo "2007"]
[BlackElo "2333"]
[Result "0-1"]
[Round "04"]
[TimeControl "180+1"]
[Date "2021.05.04"]
[WhiteClock "0:00:12"]
[BlackClock "0:00:25"]

1. c4 c5 2. Nc3 g6 3. Nf3 Bg7 4. g3 Nc6 5. Bg2 e6 6. O-O Nge7 7. Rb1 O-O 8. d3 b6 9. a3 Bb7 10. Bd2 d5 11. cxd5 Nxd5 12. Nxd5 Qxd5 13. b4 cxb4 14. axb4 Rfc8 15. Bf4 Nd4 16. Nh4 Qd7 17. Bxb7 Qxb7 18. Be3 Nb5 19. Qd2 Nc3 20. Rbc1 Nd5 21. b5 Qd7 22. Rc4 Nxe3 23. Qxe3 Qxb5 24. Rfc1 Rxc4 25. Rxc4 Qd7 26. Qc1 a5 27. Rc7 Qd8 28. Qf4 Qe8 29. Nf3 a4 30. Ng5 Bh6 31. h4 a3 32. Rc1 a2 33. Ra1 Bg7 0-1


[Site "https://www.chess.com"]

[Event "Titled Tuesday Blitz May 4 2021"]
[White "Can, Emre"]
[Black "Sokolovsky, Yahli"]
[WhiteFideId "6302181"]
[BlackFideId "2820242"]
[WhiteElo "2503"]
[BlackElo "1770"]
[Result "1-0"]
[Round "04"]
[TimeControl "180+1"]
[Date "2021.05.04"]
[WhiteClock "0:00:05"]
[BlackClock "0:00:04"]

1. e4 g6 2. d4 Bg7 3. Nc3 d6 4. f4 Nf6 5. Nf3 O-O 6. e5 dxe5 7. dxe5 Qxd1+ 8. Nxd1 Nd5 9. c4 Nb6 10. Nc3 Be6 11. b3 Nc6 12. Nb5 Rac8 13. Ba3 Rfd8 14. Rd1 Rxd1+ 15. Kxd1 a6 16. Nc3 f6 17. exf6 exf6 18. Be2 Rd8+ 19. Kc1 Bg4 20. Rd1 Rxd1+ 21. Nxd1 Bf8 22. Bb2 Kf7 23. Ne3 Be6 24. g4 Bc5 25. Kd2 Bxe3+ 26. Kxe3 Bxg4 27. Ng5+ fxg5 28. Bxg4 gxf4+ 29. Kxf4 Nb4 30. Ke4 Ke8 31. a3 Nc6 32. h4 Na5 33. Bd1 Nd7 34. Kd4 Ke7 35. b4 Nc6+ 36. Ke4 Nf6+ 37. Ke3 Ke6 38. Bf3 Nd8 39. c5 c6 40. Bg2 Nf7 41. Bh3+ Ke7 42. Bc8 Nd8 43. Kf4 Nd5+ 44. Kg5 Kf8 45. Kh6 Kg8 46. Bc1 Nc3 47. Kg5 Nd5 48. Kg4 Kf7 49. Bg5 Ne6 50. Bxe6+ Kxe6 51. h5 Nc3 52. h6 Nb1 53. Bc1 Nc3 54. Kf4 Nd5+ 55. Ke4 Ne7 56. Bb2 Nf5 57. Bc1 Ne7 58. Be3 Nd5 59. Bd2 Nf6+ 60. Kf4 Nd7 61. Ke4 Ne5 62. Bc3 Nd7 63. Bg7 Nf6+ 64. Kf4 Ne8 65. Bb2 Kd5 66. Ke3 Nc7 67. Kd3 Ne6 68. Bc1 Nd4 69. Ke3 Kc4 70. Ke4 Nf5 71. Ke5 Kb3 72. Ke6 Kc2 73. Bf4 Kb3 74. Kd7 Kxa3 75. Bd2 Nd4 76. Kc7 Nc2 77. Kxb7 Nxb4 78. Bxb4+ Kxb4 79. Kxc6 a5 80. Kd5 a4 81. c6 a3 82. c7 a2 83. c8=Q a1=Q 84. Qc4+ Ka5 85. Qc5+ Ka6 86. Qc6+ Ka7 87. Qc7+ Ka6 88. Qc6+ Ka7 89. Qd7+ Ka6 90. Qxh7 Qd1+ 91. Ke6 Qb3+ 92. Kf6 Qb6+ 93. Kg7 g5 94. Qg6 Qxg6+ 95. Kxg6 g4 96. h7 g3 97. h8=Q g2 98. Qa8+ 1-0


[Site "https://www.chess.com"]

[Event "Titled Tuesday Blitz May 4 2021"]
[White "Caputcuoglu, Zeki Berke"]
[Black "Gazis, Efstathios"]
[WhiteFideId "34548610"]
[BlackFideId "4200659"]
[WhiteElo "1368"]
[BlackElo "2219"]
[Result "1-0"]
[Round "04"]
[TimeControl "180+1"]
[Date "2021.05.04"]
[WhiteClock "0:01:01"]
[BlackClock "0:00:45"]

1. e4 e6 2. d4 d5 3. Nd2 c5 4. Ngf3 cxd4 5. Nxd4 Nc6 6. Bb5 Bd7 7. Nxc6 Bxc6 8. Bxc6+ bxc6 9. c4 Bd6 10. Qg4 Nf6 11. Qe2 Nxe4 12. Nxe4 dxe4 13. Qxe4 Bb4+ 14. Ke2 Qb6 15. Rd1 O-O 16. Be3 Qa6 17. Kf1 Rfd8 18. a3 Be7 19. Kg1 Bf6 20. Qc2 h6 21. Rxd8+ Rxd8 22. Re1 Qb7 23. b4 Qd7 24. g3 a6 25. Qa4 Qb7 26. Rd1 Rxd1+ 27. Qxd1 Kf8 28. Qd3 Kg8 29. Qb3 h5 30. h4 g6 31. a4 Be5 32. b5 cxb5 33. axb5 axb5 34. cxb5 Qf3 35. b6 Kg7 36. b7 Bb8 37. Bh6+ 1-0


[Site "https://www.chess.com"]

[Event "Titled Tuesday Blitz May 4 2021"]
[White "Ceres, Dragos"]
[Black "Maly, Alexey"]
[WhiteFideId "13905864"]
[BlackFideId "14103184"]
[WhiteElo "2553"]
[BlackElo "2758"]
[Result "0-1"]
[Round "04"]
[TimeControl "180+1"]
[Date "2021.05.04"]
[WhiteClock "0:00:02"]
[BlackClock "0:00:59"]

1. e4 c6 2. d4 d5 3. e5 Bf5 4. Nf3 e6 5. Be2 Nd7 6. O-O h6 7. Nbd2 Ne7 8. Nb3 Bh7 9. Bd2 Nf5 10. a4 Be7 11. a5 O-O 12. c4 dxc4 13. Bxc4 b5 14. Be2 a6 15. Rc1 Rc8 16. g4 Nh4 17. Nxh4 Bxh4 18. f4 Be7 19. Be3 Be4 20. Bf3 Bd5 21. Bxd5 cxd5 22. f5 Rxc1 23. Qxc1 Qc8 24. Bxh6 gxh6 25. Qxh6 Qc2 26. f6 Bxf6 27. exf6 Qh7 28. Qxh7+ Kxh7 29. Rc1 Nxf6 30. Rc6 Nxg4 31. Rxa6 Rg8 32. Rb6 Ne3+ 33. Kf2 Nd1+ 34. Kf3 Nxb2 35. Rxb5 Ra8 36. Nc5 Nc4 37. a6 Kg6 38. Rb7 e5 39. a7 exd4 40. Na6 d3 41. Nc7 d2 42. Ke2 Rh8 43. a8=Q Rxh2+ 44. Kd3 d1=Q+ 45. Kc3 Rc2+ 46. Kb4 Qb1+ 47. Kc5 Nb6+ 48. Kd6 Qb4+ 0-1


[Site "https://www.chess.com"]

[Event "Titled Tuesday Blitz May 4 2021"]
[White "Chasin, Nico"]
[Black "Svane, Rasmus"]
[WhiteFideId "30908477"]
[BlackFideId "4657101"]
[WhiteElo "2135"]
[BlackElo "2669"]
[Result "1-0"]
[Round "04"]
[TimeControl "180+1"]
[Date "2021.05.04"]
[WhiteClock "0:00:36"]
[BlackClock "0:01:09"]

1. e4 c6 2. d3 d5 3. Nd2 e5 4. Ngf3 Bd6 5. h3 Nf6 6. g3 O-O 7. Bg2 Re8 8. O-O Nbd7 9. Qe2 Nf8 10. b3 Ng6 11. Bb2 Bd7 12. Rfe1 Qc7 13. Nf1 Rad8 14. Rad1 h6 15. Ne3 Qa5 16. Nf5 Bb4 17. c3 Bxc3 18. Bxc3 Qxc3 19. Nd6 Re7 20. Nxb7 Qb4 21. Nxd8 Qb8 22. Nxf7 Kxf7 23. d4 dxe4 24. Nxe5+ Nxe5 25. dxe5 Qxe5 26. Qc4+ Kg6 27. Bxe4+ Nxe4 28. Rxd7 Rxd7 29. Qxc6+ Rd6 30. Qxe4+ Qxe4 31. Rxe4 a5 32. Re5 a4 33. bxa4 Rd2 34. a5 Rxa2 35. Rb5 Kf6 36. Rb6+ Kf5 37. Ra6 Kg5 38. Kg2 Ra3 39. Ra7 Kf6 40. a6 Kg6 41. Ra8 Kf7 42. a7 Kg6 43. g4 Kf7 44. h4 Kg6 45. h5+ Kf7 46. Kf1 Ra2 47. f4 Ra4 48. Ke2 Ra3 49. g5 hxg5 50. fxg5 g6 51. h6 1-0


[Site "https://www.chess.com"]

[Event "Titled Tuesday Blitz May 4 2021"]
[White "Chen, Forest"]
[Black "Bommini, Mounika Akshaya"]
[WhiteFideId "30908205"]
[BlackFideId "25019872"]
[WhiteElo "2522"]
[BlackElo "1610"]
[Result "1-0"]
[Round "04"]
[TimeControl "180+1"]
[Date "2021.05.04"]
[WhiteClock "0:00:16"]
[BlackClock "0:00:04"]

1. d4 Nf6 2. c4 c5 3. d5 e6 4. Nc3 exd5 5. cxd5 d6 6. e4 g6 7. Nf3 Bg7 8. Bb5+ Bd7 9. a4 a6 10. Bd3 O-O 11. O-O Re8 12. Rb1 b5 13. axb5 axb5 14. Nxb5 Bxb5 15. Bxb5 Rxe4 16. Bg5 Nbd7 17. Bc6 Rb8 18. Bd2 Nb6 19. Bc3 Nc4 20. Qc2 Qe7 21. Rfe1 Nb6 22. Bxf6 Rxe1+ 23. Rxe1 Qxf6 24. b3 Nc8 25. Re8+ Bf8 26. h3 Kg7 27. Nd2 Qa1+ 28. Kh2 Be7 29. Qe4 Bf6 30. Nc4 Rxb3 31. Rxc8 Rb1 32. Ne3 Rh1+ 33. Kg3 Be5+ 34. f4 Qe1+ 35. Kf3 Qd1+ 36. Nxd1 1-0


[Site "https://www.chess.com"]

[Event "Titled Tuesday Blitz May 4 2021"]
[White "Chernomordik, Pavel"]
[Black "Wilson, Elvin"]
[WhiteFideId "2804530"]
[BlackFideId "2014874"]
[WhiteElo "2299"]
[BlackElo "2231"]
[Result "1-0"]
[Round "04"]
[TimeControl "180+1"]
[Date "2021.05.04"]
[WhiteClock "0:01:08"]
[BlackClock "0:00:18"]

1. e4 e6 2. Nc3 d5 3. d4 Bb4 4. Ne2 dxe4 5. a3 Bxc3+ 6. Nxc3 Nc6 7. Be3 Nge7 8. Qg4 O-O 9. O-O-O e5 10. Qxe4 exd4 11. Bxd4 Nxd4 12. Rxd4 Qe8 13. Bb5 c6 14. Re1 Be6 15. Bd3 g6 16. Qe5 Nf5 17. Rb4 Qb8 18. Bxf5 Bxf5 19. Qxb8 Raxb8 20. Re7 b5 21. Rxa7 Rfe8 22. g4 Rbd8 23. b3 Bc8 24. Rf4 Kg7 25. Rfxf7+ Kg8 26. Rg7+ Kh8 27. Rxh7+ Kg8 28. f3 Be6 29. Ne4 1-0


[Site "https://www.chess.com"]

[Event "Titled Tuesday Blitz May 4 2021"]
[White "Chirila, Ioan-Cristian"]
[Black "Golizadeh, Asghar"]
[WhiteFideId "1211668"]
[BlackFideId "12505269"]
[WhiteElo "2445"]
[BlackElo "2403"]
[Result "0-1"]
[Round "04"]
[TimeControl "180+1"]
[Date "2021.05.04"]
[WhiteClock "0:01:44"]
[BlackClock "0:01:58"]

1. d4 Nf6 2. c4 g6 3. Nc3 d5 4. cxd5 Nxd5 5. e4 Nxc3 6. bxc3 Bg7 7. Be3 c5 8. Nf3 O-O 9. Qd2 Bg4 10. d5 Bxf3 11. gxf3 Nd7 12. h4 h5 13. Rd1 Rc8 14. c4 Ne5 15. Be2 b5 16. cxb5 c4 17. Bd4 Nd3+ 18. Bxd3 Bxd4 19. Bc2 Bb6 20. e5 Ba5 0-1


[Site "https://www.chess.com"]

[Event "Titled Tuesday Blitz May 4 2021"]
[White "Chitlange Sakshi"]
[Black "Samarth, J Rao"]
[WhiteFideId "35002899"]
[BlackFideId "46652370"]
[WhiteElo "1787"]
[BlackElo "1514"]
[Result "1-0"]
[Round "04"]
[TimeControl "180+1"]
[Date "2021.05.04"]
[WhiteClock "0:00:17"]
[BlackClock "0:00:02"]

1. d4 d5 2. Bf4 Nf6 3. e3 c5 4. Nd2 Nc6 5. Ngf3 e6 6. c3 Be7 7. Bd3 Nh5 8. Bg3 b6 9. Bb5 Bd7 10. Bxc6 Bxc6 11. Ne5 Nxg3 12. Nxc6 Qc7 13. hxg3 Qxc6 14. Nf3 cxd4 15. exd4 Qb5 16. Qc2 Bf6 17. Rd1 O-O-O 18. a4 Qa6 19. b4 Qc4 20. Nd2 Qc7 21. b5 Bxd4 22. Nb1 Be5 23. Qd3 Kb8 24. Rc1 d4 25. c4 Bd6 26. Kf1 f5 27. Nd2 e5 28. Qxf5 Rhf8 29. Qd3 Bb4 30. Ne4 g6 31. Ke2 Rf5 32. f3 Rdf8 33. g4 R5f7 34. Rh3 Rg8 35. Rch1 Rgg7 36. Rh6 Re7 37. Ng5 1-0


[Site "https://www.chess.com"]

[Event "Titled Tuesday Blitz May 4 2021"]
[White "Christensen, Thomas"]
[Black "Heinemann, Josefine"]
[WhiteFideId "1403532"]
[BlackFideId "12900460"]
[WhiteElo "2289"]
[BlackElo "2300"]
[Result "1/2-1/2"]
[Round "04"]
[TimeControl "180+1"]
[Date "2021.05.04"]
[WhiteClock "0:00:34"]
[BlackClock "0:00:52"]

1. d4 Nf6 2. Nc3 d5 3. e4 dxe4 4. f3 exf3 5. Nxf3 e6 6. Bd3 c5 7. dxc5 Bxc5 8. Bg5 Nc6 9. Qd2 Be7 10. O-O O-O 11. Qf4 Nd5 12. Qh4 g6 13. Qh6 f6 14. Bxg6 hxg6 15. Qxg6+ Kh8 16. Qh6+ Kg8 17. Qg6+ Kh8 18. Qh6+ Kg8 19. Qg6+ 1/2-1/2


[Site "https://www.chess.com"]

[Event "Titled Tuesday Blitz May 4 2021"]
[White "Christiansen, Johan-Sebastian"]
[Black "Mortazavi, Ali"]
[WhiteFideId "1512668"]
[BlackFideId "401323"]
[WhiteElo "2593"]
[BlackElo "2339"]
[Result "1/2-1/2"]
[Round "04"]
[TimeControl "180+1"]
[Date "2021.05.04"]
[WhiteClock "0:00:04"]
[BlackClock "0:00:02"]

1. e4 c6 2. d4 d5 3. Nd2 dxe4 4. Nxe4 Nf6 5. Nxf6+ exf6 6. c3 Bd6 7. Bd3 O-O 8. Qc2 Re8+ 9. Ne2 h5 10. O-O h4 11. Nf4 Na6 12. Qd1 Qa5 13. g3 Bxf4 14. Bxf4 Bh3 15. Re1 Qd5 16. Bf1 Bxf1 17. Rxe8+ Rxe8 18. Qxf1 hxg3 19. hxg3 g5 20. Be3 Nc7 21. b3 Kg7 22. Re1 Qf5 23. Bd2 Rxe1 24. Qxe1 Ne6 25. Qc1 Qd3 26. Be3 Kg6 27. a4 f5 28. a5 a6 29. Qe1 f4 30. Bd2 Qf5 31. f3 Qd3 32. gxf4 Qxf3 33. fxg5 Qg4+ 34. Kf1 Qf3+ 35. Qf2 Qd1+ 36. Kg2 Qg4+ 37. Kf1 Qd1+ 38. Be1 Qd3+ 39. Kg2 Nxg5 40. Qg3 Qe4+ 41. Kf1 Qf5+ 42. Ke2 Qc2+ 43. Bd2 Qe4+ 44. Kd1 Qb1+ 45. Bc1 Qxb3+ 46. Ke1 Qe6+ 47. Kd1 f6 48. Qb8 Qg4+ 49. Kc2 Qe2+ 50. Kb1 Qd3+ 51. Kb2 Qb5+ 52. Kc2 Qe2+ 53. Kb1 Qd3+ 54. Kb2 Ne4 55. Qg8+ Kf5 56. Qh7+ Ke6 57. Qg8+ Kf5 58. Qh7+ Ke6 59. Qg8+ Kf5 1/2-1/2


[Site "https://www.chess.com"]

[Event "Titled Tuesday Blitz May 4 2021"]
[White "Cuevas, Alex"]
[Black "WelshTiger"]
[WhiteFideId "114260"]
[WhiteElo "2289"]
[BlackElo "2471"]
[Result "1-0"]
[Round "04"]
[TimeControl "180+1"]
[Date "2021.05.04"]
[WhiteClock "0:00:25"]
[BlackClock "0:00:06"]

1. c4 g6 2. d4 Bg7 3. Nc3 c6 4. Nf3 d5 5. cxd5 cxd5 6. g3 Nf6 7. Bg2 O-O 8. Ne5 Nbd7 9. O-O Nb6 10. f4 Bf5 11. a4 Rc8 12. a5 Nc4 13. Qb3 b6 14. axb6 axb6 15. Nxd5 Na5 16. Qxb6 Nxd5 17. Qxa5 Nb6 18. Qb4 Qd6 19. Bd2 Rfd8 20. e3 f6 21. Nf3 Nc4 22. Qxd6 Rxd6 23. Bc1 Bd3 24. Re1 Rb8 25. Ra2 Bb1 26. Ra7 Bf8 27. Nd2 Nxb2 28. Ne4 Bxe4 29. Bxe4 Nc4 30. Bd3 Nb6 31. Ba3 Rd7 32. Rxd7 Nxd7 33. Bc4+ Kg7 34. Rc1 Rc8 35. Be6 Rxc1+ 36. Bxc1 Nb8 37. Kf2 f5 38. Bb3 Kf6 39. Bc2 e6 40. e4 fxe4 41. Bxe4 Nd7 42. Bb2 Nb6 43. d5+ Ke7 44. d6+ Kxd6 45. Ba3+ Kd7 46. Bxf8 Nc4 47. Bb4 Nb6 48. Kf3 Ke8 49. Bc6+ Kf7 50. Bc5 Nc4 51. Bb5 Nd2+ 52. Ke2 Nb3 53. Be3 Na5 54. Kd3 Nb7 55. Bb6 Nd6 56. Bc4 Nf5 57. Bf2 h5 58. h3 Nh6 59. Ke4 Nf5 60. g4 hxg4 61. hxg4 Nh6 62. Be2 Ng8 63. g5 Ne7 64. Bc5 Nd5 65. Bd3 Nc7 66. Ke5 Nd5 67. Bc4 Ne3 68. Bxe3 1-0


[Site "https://www.chess.com"]

[Event "Titled Tuesday Blitz May 4 2021"]
[White "Cunjalo, Faris"]
[Black "Shapiro, David"]
[WhiteFideId "14410710"]
[BlackFideId "24133523"]
[WhiteElo "2796"]
[BlackElo "2601"]
[Result "1-0"]
[Round "04"]
[TimeControl "180+1"]
[Date "2021.05.04"]
[WhiteClock "0:00:04"]
[BlackClock "0:00:09"]

1. f4 d5 2. Nf3 Nc6 3. e3 Bg4 4. Bb5 e6 5. h3 Bxf3 6. Qxf3 Bd6 7. d4 a6 8. Be2 f5 9. g4 Qh4+ 10. Qf2 Qxf2+ 11. Kxf2 Nf6 12. Nd2 Ne4+ 13. Nxe4 fxe4 14. Bd2 O-O 15. Kg2 Ne7 16. c4 c6 17. h4 c5 18. dxc5 Bxc5 19. b4 Bd6 20. c5 Bc7 21. Bc3 h5 22. gxh5 Nf5 23. Rh3 d4 24. Bxd4 Nxd4 25. exd4 Rxf4 26. Bc4 Raf8 27. Bxe6+ Kh8 28. d5 Be5 29. Re1 Rf2+ 30. Kh1 Bd4 31. d6 e3 32. Rhxe3 Bxe3 33. Rxe3 Rf1+ 34. Kg2 R8f2+ 35. Kg3 Rd2 36. d7 Rfd1 37. Bf5 Kg8 38. Bg6 Rg1+ 39. Kf3 Rf1+ 40. Kg4 Rxd7 41. Re8+ Rf8 42. Bh7+ Kxh7 43. Rxf8 Rd4+ 44. Rf4 Rxb4 45. Rxb4 1-0


[Site "https://www.chess.com"]

[Event "Titled Tuesday Blitz May 4 2021"]
[White "Czopor, Maciej"]
[Black "Reinaldovera"]
[WhiteFideId "21805431"]
[WhiteElo "1939"]
[BlackElo "2294"]
[Result "1-0"]
[Round "04"]
[TimeControl "180+1"]
[Date "2021.05.04"]
[WhiteClock "0:00:12"]
[BlackClock "0:00:01"]

1. e4 c5 2. Nf3 e6 3. d4 cxd4 4. Nxd4 Nf6 5. Nc3 d6 6. g4 h6 7. h4 Nc6 8. Rg1 d5 9. exd5 Nxd5 10. Nxd5 Qxd5 11. Be3 Bd7 12. Bg2 Qc4 13. Qe2 Bb4+ 14. Kf1 Qxe2+ 15. Kxe2 Nxd4+ 16. Bxd4 Bb5+ 17. Ke3 O-O-O 18. a4 Ba6 19. c3 Be7 20. b4 Bc4 21. Be4 Bxh4 22. Bxg7 Rhg8 23. Bxh6 Bf6 24. Rac1 a5 25. Bf4 e5 26. Bg3 Bg5+ 27. Kf3 Bxc1 28. Rxc1 f6 29. Bf5+ Kc7 30. Ke3 Rd5 31. f4 Rgd8 32. fxe5 fxe5 33. g5 Kb6 34. g6 Rd1 35. Rxd1 Rxd1 36. Bxe5 Re1+ 37. Kd4 Bg8 38. b5 Rd1+ 39. Ke4 Ra1 40. Bd4+ Kc7 41. Ke5 Rxa4 42. b6+ 1-0


[Site "https://www.chess.com"]

[Event "Titled Tuesday Blitz May 4 2021"]
[White "Darini, Pouria"]
[Black "Bluebaum, Matthias"]
[WhiteFideId "12502200"]
[BlackFideId "24651516"]
[WhiteElo "2634"]
[BlackElo "2816"]
[Result "1-0"]
[Round "04"]
[TimeControl "180+1"]
[Date "2021.05.04"]
[WhiteClock "0:00:09"]
[BlackClock "0:00:01"]

1. e4 c6 2. Nf3 d5 3. d3 dxe4 4. dxe4 Qxd1+ 5. Kxd1 Nf6 6. Nfd2 g5 7. Nc3 g4 8. Nc4 Be6 9. f3 gxf3 10. gxf3 Nbd7 11. Bf4 O-O-O 12. Ke1 Nh5 13. Be3 Kb8 14. Rg1 Bxc4 15. Bxc4 Ne5 16. Be2 Ng6 17. Rd1 Bg7 18. Rxd8+ Rxd8 19. Nd1 Be5 20. Rg5 Nhf4 21. Bf1 f6 22. Rg4 Ne6 23. c3 Bf4 24. Bxf4+ Nexf4 25. Ne3 Kc7 26. Be2 e6 27. Rg3 Kd6 28. Ng4 Ke7 29. Ne3 b5 30. Ng2 Nxg2+ 31. Rxg2 Kf7 32. Rg4 h5 33. Rg1 Nf4 34. Bf1 a6 35. a3 c5 36. Be2 c4 37. Bf1 Rb8 38. Kf2 Rd8 39. Ke3 e5 40. Be2 Rb8 41. Rd1 Ke6 42. Bf1 a5 43. Rc1 Ke7 44. Rd1 Rg8 45. Kf2 h4 46. Rd2 Rc8 47. Rd1 Rb8 48. Rd2 Ne6 49. Rd5 Nc7 50. Rd2 Rb6 51. Bh3 Na6 52. Rd7+ Ke8 53. Rd5 Nc7 54. Rd7 Rc6 55. Rd2 Ra6 56. Bd7+ Ke7 57. Bf5 Ne8 58. Rd7+ Kf8 59. Rh7 Rd6 60. Rxh4 Rd2+ 61. Ke3 Rxb2 62. Bg6 Nd6 63. Rh7 Rb3 64. Rd7 Rxc3+ 65. Ke2 Rd3 66. h4 b4 67. h5 Ne8 68. Rf7+ Kg8 69. h6 Kh8 70. Rf8# 1-0


[Site "https://www.chess.com"]